SA
IDAHO FALLS CHUKARS @ CONNETQUOT CHIEFS
08/28/2023
 
TOP OF THE 1ST
Idaho Falls Chukars batting - Pitching for Connetquot Chiefs : RHP Nick Richie
Pitching: RHP Nick Richie
Batting: RHB Miguel Luna 0-0: Foul Ball, location: 2F
0-1: Ball
1-1: Ball
2-1: Ball
3-1: Ground out 6-3 (Groundball, 6M)
Batting: LHB Roberto Soto 0-0: Called Strike
0-1: Bunt for hit - play at first, batter OUT! 1-3
Batting: RHB Michael Bradshaw 0-0: Ball
1-0: Ball
2-0: SINGLE (Line Drive, 9LS)
Batting: RHB Adrian Rodgers 0-0: Called Strike
0-1: Ball
1-1: Ball
2-1: SINGLE (Groundball, 56D)
Michael Bradshaw to second
Batting: LHB Jorge Greenbaum 0-0: Ball
1-0: Foul Ball, location: 2F
1-1: Ground out 4-3 (Groundball, 34)
Top of the 1st over - 0 run(s), 2 hit(s), 0 error(s), 2 left on base; Idaho Falls 0 - Connetquot 0
BOTTOM OF THE 1ST
Connetquot Chiefs batting - Pitching for Idaho Falls Chukars : RHP Jesús Acosta
Pitching: RHP Jesús Acosta
Batting: RHB Juan Salinas 0-0: Swinging Strike
0-1: Ball
1-1: Foul Ball, location: 2F
1-2: Ball
2-2: Ball
3-2: Ground out 4-3 (Groundball, 34)
Batting: RHB Fred Burt 0-0: SINGLE (Groundball, 5D)
Batting: RHB John Burton 0-0: Ball
1-0: Called Strike
1-1: Foul Ball, location: 2F
1-2: Strikes out looking
Batting: LHB Félix Fernández 0-0: Ball
1-0: Ball
2-0: Ball
3-0: Called Strike
3-1: Called Strike
3-2: Foul Ball, location: 2F
3-2: SINGLE (Flyball, 7S)
Fred Burt to second
Fred Burt to third
Batting: RHB José Magana 0-0: Ball
1-0: Called Strike
1-1: Ball
2-1: Ground out 5-3 (Groundball, 15S)
Bottom of the 1st over - 0 run(s), 2 hit(s), 0 error(s), 2 left on base; Idaho Falls 0 - Connetquot 0
TOP OF THE 2ND
Idaho Falls Chukars batting - Pitching for Connetquot Chiefs : RHP Nick Richie
Batting: RHB Vicente Cruz 0-0: Ball
1-0: Called Strike
1-1: Ball
2-1: Ground out 6-3 (Groundball, 6)
Batting: LHB Armando Peña 0-0: Ground out U3 (Groundball, 3S)
Batting: LHB Dave Smerdon 0-0: Called Strike
0-1: Foul Ball, location: 2F
0-2: Strikes out swinging
Top of the 2nd over - 0 run(s), 0 hit(s), 0 error(s), 0 left on base; Idaho Falls 0 - Connetquot 0
BOTTOM OF THE 2ND
Connetquot Chiefs batting - Pitching for Idaho Falls Chukars : RHP Jesús Acosta
Batting: LHB SaQwan Hackett 0-0: Ball
1-0: Ball
2-0: Foul Ball, location: 2F
2-1: Ball
3-1: Base on Balls
Batting: RHB Emanuel Bree 0-0: Fly out, F5 (Popup, 5SF)
Batting: SHB Britt Ducker 0-0: Ball
1-0: Foul Ball, location: 2F
1-1: Swinging Strike
1-2: Ball
2-2: Strikes out swinging
Batting: RHB David Pérez 0-0: Called Strike
0-1: Foul Ball, location: 2F
0-2: Ball
1-2: Strikes out swinging
Bottom of the 2nd over - 0 run(s), 0 hit(s), 0 error(s), 1 left on base; Idaho Falls 0 - Connetquot 0
TOP OF THE 3RD
Idaho Falls Chukars batting - Pitching for Connetquot Chiefs : RHP Nick Richie
Batting: RHB Scott Ramsey 0-0: Ball
1-0: Called Strike
1-1: Foul Ball, location: 2F
1-2: Ball
2-2: Foul Ball, location: 2F
2-2: Strikes out swinging
Batting: RHB Miguel Luna 0-0: Ball
Reached via error on a dropped throw, E1
Batting: LHB Roberto Soto 0-0: Called Strike
0-1: Called Strike
0-2: Ball
1-2: Strikes out looking
Batting: RHB Michael Bradshaw 0-0: Called Strike
0-1: Ball
1-1: Ball
2-1: Foul Ball, location: 2F
2-2: Foul Ball, location: 2F
2-2: Ball
3-2: SINGLE (Groundball, 6MD) (infield hit)
Miguel Luna to second
Batting: RHB Adrian Rodgers 0-0: Foul Ball, location: 2F
0-1: Swinging Strike
0-2: Fly out, F8 (Flyball, 8LXD)
Top of the 3rd over - 0 run(s), 1 hit(s), 1 error(s), 2 left on base; Idaho Falls 0 - Connetquot 0
BOTTOM OF THE 3RD
Connetquot Chiefs batting - Pitching for Idaho Falls Chukars : RHP Jesús Acosta
Batting: RHB Juan Salinas 0-0: Called Strike
0-1: Ground out 6-3 (Groundball, 56)
Batting: RHB Fred Burt 0-0: Ball
1-0: SINGLE (Groundball, 5L)
Batting: RHB John Burton 0-0: Ball
1-0: Fly out, F6 (Line Drive, 6)
Batting: LHB Félix Fernández 0-0: Ball
1-0: DOUBLE (Line Drive, 89S)
Fred Burt to third
Batting: RHB José Magana 0-0: Fly out, F9 (Line Drive, 9D)
Bottom of the 3rd over - 0 run(s), 2 hit(s), 0 error(s), 2 left on base; Idaho Falls 0 - Connetquot 0
TOP OF THE 4TH
Idaho Falls Chukars batting - Pitching for Connetquot Chiefs : RHP Nick Richie
Batting: LHB Jorge Greenbaum 0-0: Ball
1-0: Called Strike
1-1: Ball
2-1: Ground out 1-3 (Groundball, 15)
Batting: RHB Vicente Cruz 0-0: Bunted foul
0-1: Swinging Strike
0-2: Ball
1-2: Strikes out looking
Batting: LHB Armando Peña 0-0: Ball
1-0: Ball
2-0: Swinging Strike
2-1: Foul Ball, location: 2F
2-2: Foul Ball, location: 2F
2-2: Ball
3-2: Foul Ball, location: 2F
3-2: Ground out 4-3 (Groundball, 4)
Top of the 4th over - 0 run(s), 0 hit(s), 0 error(s), 0 left on base; Idaho Falls 0 - Connetquot 0
BOTTOM OF THE 4TH
Connetquot Chiefs batting - Pitching for Idaho Falls Chukars : RHP Jesús Acosta
Batting: LHB SaQwan Hackett 0-0: Ball
1-0: Called Strike
1-1: SINGLE (Groundball, 34D)
Batting: RHB Emanuel Bree 0-0: Ball
1-0: Fielders Choice at 2nd, 1-6 (Groundball, 25)
Batting: SHB Britt Ducker 0-0: Foul Ball, location: 2F
0-1: Ball
1-1: Ball
2-1: SINGLE (Flyball, 8LS)
Emanuel Bree to second
Batting: RHB David Pérez 0-0: Ball
Emanuel Bree is caught stealing 3rd base
Britt Ducker to second
1-0: Called Strike
1-1: Foul Ball, location: 2F
1-2: SINGLE (Flyball, 8RS)
Britt Ducker to third
Runner from 3rd tries for Home, SAFE, no throw or cutoff
Batting: RHB Juan Salinas 0-0: Foul Ball, location: 2F
0-1: Ground out 5-3 (Groundball, 56S)
Bottom of the 4th over - 1 run(s), 3 hit(s), 0 error(s), 1 left on base; Idaho Falls 0 - Connetquot 1
TOP OF THE 5TH
Idaho Falls Chukars batting - Pitching for Connetquot Chiefs : RHP Nick Richie
Batting: LHB Dave Smerdon 0-0: Foul Ball, location: 2F
0-1: Ball
1-1: Ground out 4-3 (Groundball, 4)
Batting: RHB Scott Ramsey 0-0: Ball
1-0: Foul Ball, location: 2F
1-1: Ball
2-1: Swinging Strike
2-2: Strikes out swinging
Batting: RHB Miguel Luna 0-0: Foul Ball, location: 2F
0-1: Ball
1-1: Swinging Strike
1-2: Ball
2-2: Ball
3-2: Base on Balls
Batting: LHB Roberto Soto 0-0: SINGLE (Groundball, 56D)
Miguel Luna to second
Runner from 2nd tries for 3rd, SAFE, throw made to third
Batting: RHB Michael Bradshaw 0-0: Swinging Strike
0-1: Ball
1-1: Foul Ball, location: 2F
1-2: Foul Ball, location: 2F
1-2: Strikes out swinging
Top of the 5th over - 0 run(s), 1 hit(s), 0 error(s), 2 left on base; Idaho Falls 0 - Connetquot 1
BOTTOM OF THE 5TH
Connetquot Chiefs batting - Pitching for Idaho Falls Chukars : RHP Jesús Acosta
Batting: RHB Fred Burt 0-0: Ball
1-0: Ball
2-0: Called Strike
2-1: Ball
3-1: Base on Balls
Batting: RHB John Burton 0-0: Called Strike
0-1: Foul Ball, location: 2F
0-2: Ball
1-2: Foul Ball, location: 2F
1-2: Ball
2-2: Strikes out swinging
Batting: LHB Félix Fernández 0-0: Called Strike
0-1: Swinging Strike
0-2: Ball
1-2: Ball
2-2: Foul Ball, location: 2F
2-2: Foul Ball, location: 2F
2-2: Ball
3-2: Fly out, F6 (Popup, 6)
Batting: RHB José Magana 0-0: Called Strike
0-1: Ball
1-1: Fly out, F4 (Popup, 4D)
Bottom of the 5th over - 0 run(s), 0 hit(s), 0 error(s), 1 left on base; Idaho Falls 0 - Connetquot 1
TOP OF THE 6TH
Idaho Falls Chukars batting - Pitching for Connetquot Chiefs : RHP Nick Richie
Batting: RHB Adrian Rodgers 0-0: Ball
1-0: Ground out 4-3 (Groundball, 4)
Batting: LHB Jorge Greenbaum 0-0: Foul Ball, location: 2F
0-1: Ball
1-1: Ball
2-1: Foul Ball, location: 2F
2-2: Ball
3-2: Foul Ball, location: 2F
3-2: Base on Balls
Batting: RHB Vicente Cruz 0-0: Ball
1-0: Fly out, F7 (Flyball, 78M)
1-0: Fly out, F7 (Flyball, 78M)
Pitching: RHP Raúl Gálvez
Batting: LHB Armando Peña 0-0: Called Strike
0-1: Ball
1-1: Foul Ball, location: 2F
1-2: Strikes out looking
Top of the 6th over - 0 run(s), 0 hit(s), 0 error(s), 1 left on base; Idaho Falls 0 - Connetquot 1
BOTTOM OF THE 6TH
Connetquot Chiefs batting - Pitching for Idaho Falls Chukars : RHP Jesús Acosta
Batting: LHB SaQwan Hackett 0-0: Called Strike
0-1: Swinging Strike
0-2: Ball
1-2: Ground out 1-3 (Groundball, 15S)
Batting: RHB Emanuel Bree 0-0: Ball
1-0: Ball
2-0: Ball
3-0: Called Strike
3-1: Called Strike
3-2: Ground out 5-3 (Groundball, 5S)
Batting: SHB Britt Ducker 0-0: Foul Ball, location: 2F
0-1: SINGLE (Line Drive, 89S)
Batting: RHB David Pérez 0-0: Called Strike
0-1: Ball
1-1: Foul Ball, location: 2F
1-2: Ball
2-2: Ball
3-2: SINGLE (Groundball, 4MD)
Britt Ducker to second
Britt Ducker to third
Pitching: RHP Shotaro Sugahara
Batting: RHB Juan Salinas 0-0: Ball
David Pérez is caught stealing 2nd base
Bottom of the 6th over - 0 run(s), 2 hit(s), 0 error(s), 0 left on base; Idaho Falls 0 - Connetquot 1
TOP OF THE 7TH
Idaho Falls Chukars batting - Pitching for Connetquot Chiefs : RHP Raúl Gálvez
Batting: LHB Dave Smerdon 0-0: Ball
1-0: Ball
2-0: Called Strike
2-1: Foul Ball, location: 2F
2-2: Strikes out swinging
Batting: RHB Scott Ramsey 0-0: Ball
1-0: Ball
2-0: Called Strike
2-1: Ball
3-1: Foul Ball, location: 2F
3-2: Base on Balls
Pinch Hitting: SHB Pablo Coloa 0-0: Ball
1-0: Foul Ball, location: 2F
1-1: Called Strike
1-2: Strikes out looking
Pinch Hitting: LHB Dave Watts 0-0: Ball
1-0: Ball
2-0: Swinging Strike
2-1: Fly out, F9 (Flyball, 89M)
Top of the 7th over - 0 run(s), 0 hit(s), 0 error(s), 1 left on base; Idaho Falls 0 - Connetquot 1
BOTTOM OF THE 7TH
Connetquot Chiefs batting - Pitching for Idaho Falls Chukars : RHP Shotaro Sugahara
Now at SS: Pablo Coloa
Now in RF: Dave Watts
Batting: RHB Juan Salinas 0-0: Called Strike
0-1: Ball
1-1: Ball
2-1: Ball
3-1: Ground out 6-3 (Groundball, 6M)
Batting: RHB Fred Burt 0-0: Ball
1-0: Ball
2-0: Called Strike
2-1: Called Strike
2-2: Ball
3-2: SOLO HOME RUN (Flyball, 7D), Distance : 405 ft
Batting: RHB John Burton 0-0: Ball
1-0: Foul Ball, location: 2F
1-1: Foul Ball, location: 2F
1-2: DOUBLE (Line Drive, 7LS)
Batting: LHB Félix Fernández 0-0: Intentional Walk
Batting: RHB José Magana 0-0: Ball
1-0: Ball
2-0: Ball
3-0: Base on Balls
John Burton to third
Félix Fernández to second
Batting: LHB SaQwan Hackett 0-0: Ball
1-0: Swinging Strike
1-1: Foul Ball, location: 2F
1-2: Strikes out swinging
Pinch Hitting: SHB Rúbem Corvo 0-0: Foul Ball, location: 2F
0-1: Ball
1-1: Called Strike
1-2: Ground out 1-3 (Groundball, 2R)
Bottom of the 7th over - 1 run(s), 2 hit(s), 0 error(s), 3 left on base; Idaho Falls 0 - Connetquot 2
TOP OF THE 8TH
Idaho Falls Chukars batting - Pitching for Connetquot Chiefs : RHP Raúl Gálvez
Now in CF: Rúbem Corvo
Batting: RHB Michael Bradshaw 0-0: Fly out, F4 (Line Drive, 4M)
Batting: RHB Adrian Rodgers 0-0: Swinging Strike
0-1: Swinging Strike
0-2: Ground out 1-3 (Groundball, 25)
Batting: LHB Jorge Greenbaum 0-0: Ball
1-0: Called Strike
1-1: Foul Ball, location: 2F
1-2: Ball
2-2: Strikes out looking
Top of the 8th over - 0 run(s), 0 hit(s), 0 error(s), 0 left on base; Idaho Falls 0 - Connetquot 2
BOTTOM OF THE 8TH
Connetquot Chiefs batting - Pitching for Idaho Falls Chukars : RHP Shotaro Sugahara
Batting: SHB Britt Ducker 0-0: Swinging Strike
0-1: Ball
1-1: Foul Ball, location: 2F
1-2: SINGLE (Line Drive, 34D)
Batting: RHB David Pérez 0-0: Sac Bunt - play at first, batter OUT! 4-3
Britt Ducker to second
Batting: RHB Juan Salinas 0-0: Called Strike
0-1: DOUBLE (Groundball, 5L)
Britt Ducker scores
Batting: RHB Fred Burt 0-0: Intentional Walk
Batting: RHB John Burton 0-0: Ball
1-0: Called Strike
1-1: Ball
2-1: SINGLE (Line Drive, 89M)
Juan Salinas to third
Fred Burt to second
Batting: LHB Félix Fernández 0-0: Ball
1-0: Called Strike
1-1: Foul Ball, location: 2F
1-2: Ball
2-2: Grounds into double play, 4-6-3 (Groundball, 4)
Bottom of the 8th over - 1 run(s), 3 hit(s), 0 error(s), 2 left on base; Idaho Falls 0 - Connetquot 3
TOP OF THE 9TH
Idaho Falls Chukars batting - Pitching for Connetquot Chiefs : RHP Raúl Gálvez
Pitching: RHP Carlos Rosales
Batting: RHB Vicente Cruz 0-0: Ball
1-0: Ground out 6-3 (Groundball, 6)
Batting: LHB Armando Peña 0-0: Swinging Strike
0-1: Called Strike
0-2: Ball
1-2: Ball
2-2: Ball
3-2: Base on Balls
Batting: LHB Dave Smerdon 0-0: Foul Ball, location: 2F
0-1: Called Strike
0-2: Strikes out swinging
Batting: RHB Scott Ramsey 0-0: SINGLE (Groundball, 56)
Armando Peña to second
Batting: SHB Pablo Coloa 0-0: Called Strike
0-1: Called Strike
0-2: Ball
1-2: Ball
2-2: Strikes out swinging
Top of the 9th over - 0 run(s), 1 hit(s), 0 error(s), 2 left on base; Idaho Falls 0 - Connetquot 3
This league is powered by Out of the Park Baseball, the baseball management simulation game for PC, Mac and Linux
Friday, July 8th, 2016 - OOTP Baseball 16.9 Build 39